 Dungeon Crawl Stone Soup version 0.22-a0-469-gf26638a (webtiles) character file.

1432 pk666 the Thaumaturge (level 8, -1/41 HPs)
             Began as a Deep Elf Fire Elementalist on June 14, 2018.
             Succumbed to an orc warrior's poison
             ... on level 5 of the Dungeon.
             The game lasted 00:15:11 (5746 turns).

pk666 the Thaumaturge (Deep Elf Fire Elementalist)  Turns: 5746, Time: 00:15:12

Health: -1/41      AC:  3    Str:  5    XL:     8   Next: 45%
Magic:  11/22      EV: 13    Int: 23    God:
Gold:   312        SH:  0    Dex: 15    Spells: 10/23 levels left

rFire    . . .     SeeInvis .   (no weapon)
rCold    . . .     Gourm    .   (no shield)
rNeg     . . .     Faith    .   a - +1 robe
rPois    .         Spirit   .   (no helmet)
rElec    .         Reflect  .   (no cloak)
rCorr    .         Harm     .   (no gloves)
MR       .....                  (no boots)
Stlth    ++........             (no amulet)
HPRegen  0.13/turn              (no ring)
MPRegen  0.18/turn              (no ring)

@: lethally poisoned (-1 -> -17)
A: no striking features
a: no special abilities


You were on level 5 of the Dungeon.
You were hungry.

You visited 1 branch of the dungeon, and saw 6 of its levels.

You collected 312 gold pieces.

Inventory:

Armour
 a - a +1 robe (worn)
Jewellery
 m - a cursed ring of loudness {unknown}
Wands
 l - a wand of iceblast (11)
Scrolls
 b - 3 scrolls of remove curse
 e - 2 scrolls of blinking
 h - 9 scrolls of identify
 j - 4 scrolls of teleportation
Potions
 d - a potion of heal wounds {unknown}
 f - a potion of haste {unknown}
 g - a potion of mutation {unknown}
 i - a potion of might
 k - 2 potions of magic {unknown}
 n - a potion of ambrosia {unknown}
 o - a potion of curing
Comestibles
 c - 9 rations


   Skills:
 - Level 2.4 Dodging
 - Level 2.4 Stealth
 + Level 8.1 Spellcasting
 + Level 7.1 Conjurations
 + Level 7.2 Fire Magic


You had 10 spell levels left.
You knew the following spells:

 Your Spells              Type           Power        Failure   Level  Hunger
a - Flame Tongue          Conj/Fire      #####        1%          1    None
b - Sticky Flame          Conj/Fire      #####...     3%          4    ###....
c - Conjure Flame         Conj/Fire      #####...     1%          3    None
z - Fireball              Conj/Fire      #####.....   10%         5    #####..

Your spell library contained the following spells:

 Spells                   Type           Power        Failure   Level  Hunger
 Throw Flame              Conj/Fire      #####.       1%          2    None
 Inner Flame              Hex/Fire       ####....     4%          3    None


Dungeon Overview and Level Annotations

Branches:
Dungeon (6/15)
 Temple: D:4-7

Altars:
Kikubaaqudgha
Trog
Zin

Shops:
D:6 :


Message History

The orc warrior hits you with a war axe of venom!!
* * * LOW HITPOINT WARNING * * *
You are more poisoned.
Casting: Flame Tongue (safe; 1% risk of failure)
Confirm with . or Enter, or press ? or * to list all spells.
Okay, then.
You feel better. The orc warrior barely misses you.
Casting: Flame Tongue (safe; 1% risk of failure)
Confirm with . or Enter, or press ? or * to list all spells.
Aiming: Sticky Flame (safe; 3% risk of failure)
Press: ? - help, Shift-Dir - straight line, f/p - orc warrior
Aim: an orc warrior, wielding a war axe of venom and wearing a chain mail (heavily wounded)
The sticky flame hits the orc warrior.
The orc warrior is severely wounded.
The orc warrior is covered in liquid flames!
The orc warrior burns!
The orc warrior hits you with a war axe of venom!
* * * LOW HITPOINT WARNING * * *
You are lethally poisoned!
You die...

#. #. ### #.. #.. #.. #..
########################..
#........@>o..............
####.#########......####.#
#.##......'...>..+.....
#.##.######......##.#<#
#.........#......##.#.#
####.####.#......##(#.#
#.# #.#########(#.#
#.####.#########.#.#
#.#...........##(#.#


You could see an orc warrior (burning).

Vanquished Creatures
  A sky beast (D:5)
  An orc warrior (D:6)
  2 ogres (D:4)
  A centaur (D:6)
  A big kobold (D:5)
  3 bullfrogs (D:6)
  A water moccasin zombie (D:6)
  A scorpion (D:4)
  A killer bee (D:5)
  A hound (D:6)
  2 orc priests
  3 bullfrog skeletons
  3 orc wizards
  Ijyb (D:4)
  A worker ant (D:5)
  A hound skeleton (D:4)
  A worker ant zombie (D:5)
  8 gnolls
  8 adders
  A shadow imp (D:6)
  2 oozes
  2 worms (D:2)
  2 dart slugs
  5 leopard geckos
  7 orcs
  A bat (D:3)
  3 giant cockroaches
  A hobgoblin (D:3)
  4 quokkas
  6 frilled lizards
  9 goblins
  14 kobolds
  9 rats
107 creatures vanquished.

Notes
Turn   | Place    | Note
-------+----------+-------------------------------------------
     0 | D:1      | pk666 the Deep Elf Fire Elementalist began the quest for the Orb.
     0 | D:1      | Reached XP level 1. HP: 10/10 MP: 6/6
   200 | D:1      | Reached XP level 2. HP: 15/15 MP: 4/8
   620 | D:1      | Reached XP level 3. HP: 19/19 MP: 5/10
  1252 | D:2      | Found a glowing silver altar of Zin.
  1303 | D:2      | Reached XP level 4. HP: 24/24 MP: 7/11
  1332 | D:2      | Learned a level 4 spell: Sticky Flame
  1336 | D:2      | Learned a level 3 spell: Conjure Flame
  1346 | D:2      | Reached skill level 4 in Spellcasting
  1937 | D:3      | Found an ancient bone altar of Kikubaaqudgha.
  2201 | D:3      | Reached XP level 5. HP: 22/28 MP: 9/13
  2523 | D:4      | Noticed an ogre
  2557 | D:4      | Killed an ogre
  2557 | D:4      | Reached skill level 5 in Conjurations
  2673 | D:4      | Noticed Ijyb
  2681 | D:4      | Killed Ijyb
  2814 | D:4      | Reached XP level 6. HP: 25/32 MP: 7/14
  3110 | D:4      | Found a bloodstained altar of Trog.
  3130 | D:4      | Reached skill level 5 in Spellcasting
  3130 | D:4      | Reached skill level 5 in Fire Magic
  3760 | D:5      | Entered Level 5 of the Dungeon
  3868 | D:5      | Reached XP level 7. HP: 28/36 MP: 10/17
  4035 | D:5      | Reached skill level 6 in Spellcasting
  4734 | D:6      | Reached skill level 7 in Spellcasting
  4806 | D:6      | Reached XP level 8. HP: 21/41 MP: 6/20
  4937 | D:6      | Found Asusk's Book Shop.
  5679 | D:6      | Learned a level 5 spell: Fireball
  5689 | D:6      | Reached skill level 8 in Spellcasting
  5745 | D:5      | HP: 1/41 [orc warrior/war axe of venom (13)]
  5746 | D:5      | Succumbed to an orc warrior's poison

Vault maps used:
D:1:      minmay_arrival_four_houses, st_stairs_1
D:2:      overflow_temple_1_default
D:3:      nicolae_overflow_crystal_walls, first_ration
D:4:      lemuel_doored_altar, serial_bayou_pond_c, uniq_ijyb
D:6:      kennysheep_mini, serial_shops, kennysheep_mini_moat

Skill      XL: |  1  2  3  4  5  6  7  8 |
---------------+-------------------------+-----
Conjurations   | 2 3 4 5 6 7 |  7.1
Spellcasting   | 4 5 7 8 |  8.1
Fire Magic     | 4 5 6 7 |  7.2
Dodging        | |  2.4
Stealth        | |  2.4

Action                   |  1- 3 |  4- 6 |  7- 9 || total
-------------------------+-------+-------+-------++-------
Melee: Unarmed           |       |       |     1 ||     1
 Cast: Flame Tongue      |    55 |   105 |   125 ||   285
       Conjure Flame     |       |     3 |    10 ||    13
       Sticky Flame      |       |       |     1 ||     1
  Use: Scroll            |       |       |     6 ||     6
       Potion            |       |       |     3 ||     3
  Eat: Chunk             |     1 |     6 |     7 ||    14
Armor: Robe              |     2 |     3 |     5 ||    10
Dodge: Dodged            |    16 |    16 |    42 ||    74

Table legend:
 A = Spawn XP
 B = Non-spawn XP
 C = Spawn XP percentage of total XP
 D = Spawn monster count
 E = Non-spawn monster count
 F = Spawn count percentage of total count
 G = Total turns spent on level
                    A         B        C        D         E        F      G
               +---------+---------+-------+---------+---------+-------+---------
         Total |       0 |    2046 |   0.0 |       0 |     107 |   0.0 |  5746
               +---------+---------+-------+---------+---------+-------+---------
           D:1 |       0 |      52 |   0.0 |       0 |      20 |   0.0 |  1110
           D:2 |       0 |      92 |   0.0 |       0 |      23 |   0.0 |   564
           D:3 |       0 |      56 |   0.0 |       0 |      16 |   0.0 |   827
           D:4 |       0 |     455 |   0.0 |       0 |       9 |   0.0 |  1259
           D:5 |       0 |     445 |   0.0 |       0 |      14 |   0.0 |  1232
           D:6 |       0 |     946 |   0.0 |       0 |      25 |   0.0 |   754
               +---------+---------+-------+---------+---------+-------+---------
